 Dungeon Crawl Stone Soup version 0.29.1-1-gd02db6906a (webtiles) character file.

Game seed: 14874748603649041385

18 dave1331 the Trooper (level 2, -3/27 HPs)
             Began as a Hill Orc Fighter on Oct 3, 2022.
             Slain by Terence
             ... wielding a +0 mace
              (7 damage)
             ... on level 2 of the Dungeon.
             The game lasted 00:02:25 (1402 turns).

dave1331 the Trooper (Hill Orc Fighter)             Turns: 1402, Time: 00:02:25

Health: -3/27      AC:  6    Str: 18    XL:     2   Next: 66%
Magic:  2/2        EV:  9    Int:  8    God:
Gold:   15         SH:  4    Dex: 10    Spells: 1/1 levels left

rFire   . . .      SeeInvis .   a - +0 war axe
rCold   . . .      Faith    .   c - +0 buckler
rNeg    . . .      Spirit   .   b - +0 scale mail
rPois   .          Reflect  .   (no helmet)
rElec   .          Harm     .   (no cloak)
rCorr   .          Rampage  .   (no gloves)
Will    .....                   (no boots)
Stlth   ..........              (no amulet)
HPRegen 0.09/turn               (no ring)
MPRegen 0.08/turn               (no ring)

@: no status effects
A: no striking features
a: no special abilities


You were on level 2 of the Dungeon.
You visited 1 branch of the dungeon, and saw 2 of its levels.

You collected 15 gold pieces.

Inventory:

Hand Weapons
 a - a +0 war axe (weapon)
Armour
 b - a +0 scale mail (worn)
 c - a +0 buckler (worn)
Jewellery
 i - a ring of protection from fire
Scrolls
 e - a scroll of enchant armour {unknown}
 g - 4 scrolls of teleportation {unknown}
 h - a scroll of identify {unknown}
 k - a scroll of enchant weapon {unknown}
Potions
 d - 2 potions of might
 f - 3 potions of degeneration {unknown}
 j - a potion of curing {unknown}


   Skills:
 + Level 3.9 Fighting
 + Level 3.0 Axes
 + Level 3.6 Armour
 + Level 3.5 Shields


You had one spell level left.
You didn't know any spells.
Your spell library was empty.

Dungeon Overview and Level Annotations

Branches:
Dungeon (2/15)

Altars:

Annotations:
D:2 Terence


Message History

The bat attacks as you move away! The bat barely misses you.
Terence attacks as you move away! You block Terence's attack.
The bat hits you but does no damage. Terence attacks as you move away!
Terence hits you with a +0 mace!
* * * LOW HITPOINT WARNING * * *
The bat hits you but does no damage. The bat hits you but does no damage.
The bat closely misses you. Terence hits you with a +0 mace.
* * * LOW HITPOINT WARNING * * *
You block the bat's attack. The bat barely misses you.
Terence barely misses you. The bat hits you but does no damage.
Terence closely misses you. The endoplasm attacks as you move away!
The endoplasm hits you but does no damage.
The bat hits you but does no damage. You block the bat's attack.
The bat barely misses you. The bat hits you but does no damage.
Terence says, "How do you enjoy it?" Terence attacks as you move away!
Terence hits you with a +0 mace.
* * * LOW HITPOINT WARNING * * *
You block the bat's attack. The endoplasm attacks as you move away!
The endoplasm barely misses you. The bat barely misses you.
You are too injured to fight recklessly!
You are too injured to fight recklessly!
There are monsters nearby!
There are monsters nearby!
You barely miss Terence. You slash the endoplasm!
You kill the endoplasm!
The bat closely misses you. You block Terence's attack.
You slash Terence!
Terence is heavily wounded.
The bat closely misses you. Terence hits you with a +0 mace.
* * * LOW HITPOINT WARNING * * *
You barely miss Terence.
Terence is heavily wounded.
The bat hits you.
* * * LOW HITPOINT WARNING * * *
Terence closely misses you. Terence hits you with a +0 mace!
You die...

#. .#. #.#
###########.....
#+##<##+#......@@..#
........................
.................b.#.##.
...................# #
...................#
..........†..........
........#.............
.....#..###...........
.....#..# #.........


You could see Terence and a bat.

Vanquished Creatures
  3 ball pythons
  A bat (D:1)
  2 endoplasms
  2 hobgoblins
  3 jackals (D:1)
  3 kobolds
  A frilled lizard (D:2)
  A rat (D:1)
16 creatures vanquished.

Notes
Turn   | Place    | Note
-------+----------+-------------------------------------------
     0 | D:1      | dave1331 the Hill Orc Fighter began the quest for the Orb.
     0 | D:1      | Reached XP level 1. HP: 19/19 MP: 1/1
     2 | D:1      | Noticed a ghoul
     2 | D:1      | Noticed a demonspawn
     4 | D:1      | Noticed a gargoyle
     4 | D:1      | Noticed a vine stalker
     6 | D:1      | Noticed an elf
     6 | D:1      | Noticed a formicid
     8 | D:1      | Noticed a minotaur
    10 | D:1      | Noticed a spriggan
    12 | D:1      | Noticed a palentonga
    12 | D:1      | Noticed a merfolk
    14 | D:1      | Noticed a naga
    14 | D:1      | Noticed a human
    16 | D:1      | Noticed a draconian
    18 | D:1      | Noticed a demigod
    18 | D:1      | Noticed an octopode
    20 | D:1      | Noticed a felid
    20 | D:1      | Noticed a vampire
    22 | D:1      | Noticed a tengu
    22 | D:1      | Noticed a troll
    24 | D:1      | Noticed a meteoran
    24 | D:1      | Noticed a meteoran
    26 | D:1      | Noticed a demonspawn
    26 | D:1      | Noticed an octopode
   521 | D:1      | Reached XP level 2. HP: 21/27 MP: 2/2
  1377 | D:2      | Noticed Terence
  1402 | D:2      | Slain by Terence

Illustrated notes

Levels and vault maps discovered:
D:1:      kb_arrival_jail, layout_loops_corners
D:2:      minmay_evil_eye, layout_basic, basic_altar, minmay_goblin_outpost,
          uniq_terence, uniq_jessica

Skill      XL: |  1  2 |
---------------+-------+-----
Axes           | 3 |  3.0
Fighting       | |  3.9
Armour         | |  3.6
Shields        | |  3.5

Action                   || total
-------------------------++-------
Melee: War axe           ||    37
Armor: Scale mail        ||    24
Dodge: Dodged            ||    31
Block: Buckler           ||    15
